Cogmind - Beta 11.1 @@@ ROGUE MODE // 2022.10.09 @ 18:45:09 Player: DuckBoy Result: Destroyed by X-77 Beamer with Gatling Laser Performance ------------- Evolutions (7) 3500 Regions Visited (25) 5000 Robots Destroyed (261) 1305 Value Destroyed (9930) 9930 Prototype IDs (43) 860 Alien Tech Used (0) 0 Bonus (4446) 4446 TOTAL SCORE: 25041 Bonus ------- High Alert Combat Kills 1934 Follower Combat Kills 3048 Entered Garrisons 400 Used RIF Installer 500 Network Hubs Disabled 400 Aligned with FarCom 300 Built Enhanced Grunts 300 A7 Reached Mainframe 300 Friendly Fire -2736 Cogmind --------- Core Integrity 0/1300 Matter 300/300 Energy 100/100 System Corruption 11% Temperature Cool (12) Movement Core (50) Location -3/Garrison Parts ------- > --- POWER (2) -------- (None) > --- PROPULSION (6) --- (None) > --- UTILITY (11) ----- Improved Targeting Computer > --- WEAPON (2) ------- (None) > --- INVENTORY (5) ---- (None) Peak State ------------ > --- POWER ------------ Fission Core Light Antimatter Reactor > --- PROPULSION ------- Improved Treads Improved Heavy Treads Heavy Siege Treads Enhanced Armored Leg > --- UTILITY ---------- Advanced Heat Sink Advanced Coolant Injector High-capacity Storage Unit Improved Signal Interpreter Advanced Terrain Scan Processor 0b10 Decoder Chip [Generic] Improved Target Analyzer Core Analyzer Improved Medium Armor Plating > --- WEAPON ----------- Tesla Rifle Railgun > --- INVENTORY -------- Angular Momentum Engine Nuclear Pulse Array Advanced Trap Extractor KE Penetrator Improved Datajack Improved Remote Datajack Improved Remote Datajack [Rating: 104] Favorites ----------- Power Enhanced Fission Core Engine Ion Engine Power Core Enhanced Fission Core Reactor Antimatter Reactor Propulsion Armored Huge Wheel Treads Heavy Treads Leg Enhanced Armored Leg Wheel Armored Huge Wheel Hover Unit Antigrav System Flight Unit Q-thruster Utility Hacking Suite Device Coolant Injector Storage High-capacity Storage Unit Processor Improved Signal Interpreter Hackware Hacking Suite Protection Light Armor Plating Weapon Hypervelocity Gauss Rifle Energy Gun Tesla Rifle Energy Cannon Heavy Ion Cannon Ballistic Gun Hypervelocity Gauss Rifle Ballistic Cannon Hypervelocity Gauss Cannon Launcher Advanced EMP Blaster Special Weapon Remote Datajack Impact Weapon Shock Maul Slashing Weapon Ripper Special Melee Weapon Datajack Build | -11 -10 -10 -10 -9 -8 -8 -8 -8 -6 -6 -6 -6 -6 -6 -6 -5 -5 -5 -5 -5 -5 -4 -4 -3 -3 ------- Run | Scr Mat Min Exi Min Mat Sto Gar Rec Fac Was Fac Ext Cet Arc Hub Fac Was Fac Upp Upp War Pro Fac Res Gar Slots Evolved 14 | . . . . . 4 . . . 4 . . . . . . 2 . . . . . . 2 2 . Power 1 | . . . . . . . . . . . . . . . . . . . . . . . 1 . . Propulsion 4 | . . . . . 2 . . . . . . . . . . 1 . . . . . . 1 . . Utility 9 | . . . . . 2 . . . 4 . . . . . . 1 . . . . . . . 2 . Weapon . | . . . . . . . . . . . . . . . . . . . . . . . . . . Parts Attached 321 | 6 15 2 . . 24 10 24 5 6 6 10 26 6 . 29 24 6 52 1 2 2 11 35 17 2 Power 23 | 1 . . . . 3 . 3 . . 1 1 1 . . 1 1 . 1 . . 1 1 8 . . Engine 7 | 1 . . . . 3 . 2 . . . . . . . . . . . . . . . 1 . . Core 7 | . . . . . . . 1 . . . 1 1 . . . . . . . . 1 . 3 . . Reactor 9 | . . . . . . . . . . 1 . . . . 1 1 . 1 . . . 1 4 . . Propulsion 73 | 2 1 1 . . 5 . 3 3 . 2 2 5 . . 6 4 2 15 . 1 1 1 11 6 2 Treads 29 | . . . . . . . . . . 2 2 5 . . 5 . 1 3 . . . 1 7 1 2 Leg 3 | . . . . . . . . 1 . . . . . . 1 . . . . . . . 1 . . Wheel 14 | 2 1 1 . . 4 . 3 2 . . . . . . . 1 . . . . . . . . . Hover 8 | . . . . . 1 . . . . . . . . . . 3 1 . . . . . 1 2 . Flight 19 | . . . . . . . . . . . . . . . . . . 12 . 1 1 . 2 3 . Utility 96 | 1 3 1 . . 7 2 8 1 4 2 2 6 4 . 5 9 2 21 1 1 . 1 10 5 . Device 29 | . 1 . . . 4 . . 1 . 1 . 1 1 . . 4 2 11 . . . . 3 . . Storage 7 | 1 1 1 . . . . . . . . 1 1 . . . . . 1 . . . . 1 . . Processor 11 | . . . . . . . . . . . . . 1 . . 1 . 2 . 1 . 1 3 2 . Hackware 18 | . . . . . . . 5 . 4 . . 1 . . 2 1 . 2 . . . . 1 2 . Protection 31 | . 1 . . . 3 2 3 . . 1 1 3 2 . 3 3 . 5 1 . . . 2 1 . Artifact . | . . . . . . . . . . . . . . . . . . . . . . . . . . Weapon 129 | 2 11 . . . 9 8 10 1 2 1 5 14 2 . 17 10 2 15 . . . 8 6 6 . Energy Gun 22 | 2 3 . . . 1 . . . . . . . 2 . 1 1 . 4 . . . 3 2 3 . Energy Cannon 20 | . . . . . 5 . . 1 . . . 1 . . 1 3 1 6 . . . 2 . . . Ballistic Gun 25 | . 5 . . . 1 . . . . . . 7 . . 5 1 . 2 . . . 1 3 . . Ballistic Cannon 1 | . . . . . . . . . . . . . . . . . . . . . . . . 1 . Launcher 25 | . 3 . . . 2 5 4 . 1 1 4 . . . 5 . . . . . . . . . . Special Weapon 5 | . . . . . . . . . . . . . . . 1 3 1 . . . . . . . . Impact Weapon 10 | . . . . . . . . . . . . . . . 2 2 . 3 . . . 2 . 1 . Slashing Weapon 8 | . . . . . . 3 3 . . . 1 . . . . . . . . . . . 1 . . Piercing Weapon . | . . . . . . . . . . . . . . . . . . . . . . . . . . Special Melee Weapon 13 | . . . . . . . 3 . 1 . . 6 . . 2 . . . . . . . . 1 . Unidentified Prototypes 17 | . . . . . 2 2 . . 1 1 2 . 2 . . . . 5 . . . . 1 1 . Corrupted Parts 5 | . . . . . . . 2 . . . . . 1 . 1 . . . . . . . 1 . . System Corruption 12 | . . . . . . . 8 . . . . . 1 . 1 . . . . . . . 2 . . Parts Lost 113 | . 1 1 . . 6 1 6 . . . 6 4 . . 15 13 . 6 . 4 2 14 21 11 2 Power 11 | . . . . . 1 . 2 . . . . 1 . . 1 . . . . . . 2 4 . . Propulsion 37 | . . 1 . . . . 2 . . . . 2 . . 5 6 . 2 . 1 2 5 4 5 2 Utility 35 | . . . . . 2 . . . . . 3 1 . . 5 5 . 1 . 3 . 3 9 3 . Weapon 30 | . 1 . . . 3 1 2 . . . 3 . . . 4 2 . 3 . . . 4 4 3 . Highest Loss Streak 14 | . 1 1 . . 3 1 3 . . . 2 2 . . 8 8 . 2 . 4 2 14 14 7 2 To Critical Strikes 1 | . . . . . . . . . . . . . . . . . . . . . . 1 . . . Average Slot Usage (%) 82 | . 95 98 100 100 79 80 79 90 93 86 80 78 98 100 96 77 35 89 99 97 70 56 68 26 11 Engine 3 | . 14 14 14 14 8 9 4 9 6 . . . . . . . . . . . . . . . . Core 2 | . . . . . . . 2 . . . 1 6 6 6 5 . . . . . 2 4 3 . . Reactor 1 | . . . . . . . . . . 5 4 . . . . 4 . 4 5 5 2 . 3 . . Treads 7 | . . . . . . . . . . 11 12 15 26 26 24 3 4 7 . . . . 9 . 6 Wheel 8 | . 27 27 28 28 17 18 18 27 20 1 . . . . . 3 . . . . . . . . . Flight 2 | . . . . . . . . . . . . . . . . . . 17 29 29 26 17 . 6 . Device 8 | . 1 . . . 16 18 14 9 6 6 6 7 13 13 12 8 3 8 11 9 . . 5 . . Storage 7 | . 14 14 14 14 9 9 9 9 6 6 6 6 6 6 6 5 . 3 5 5 5 4 4 . . Processor 5 | . . . . . . . . . . . . . 3 6 6 5 11 16 11 15 17 17 25 8 4 Hackware 10 | . . . . . . . 3 9 33 33 28 21 14 13 18 6 11 11 17 16 11 8 . 1 . Protection 7 | . 8 14 14 14 9 9 9 9 6 5 7 5 13 13 7 10 . 4 4 . . . 1 2 . Energy Gun 1 | . 8 . . . 2 1 . . . . . . 4 6 . . . 1 . . . . 3 2 . Energy Cannon 2 | . . . . . 14 . . 2 6 4 . . . . . 6 . 3 5 4 . . . . . Ballistic Gun 5 | . 17 28 28 28 . . . . . . . 8 6 6 8 . . 2 . . . . 5 . . Launcher 2 | . 1 . . . . 14 10 9 3 1 4 . . . . . . . . . . . . . . Special Melee Weapon 1 | . . . . . . . 2 6 2 6 4 2 1 . . . . . . . . . . . . Naked Turns 2 | . . . . . . . . . . . . . . . . . . . . . . . 2 . . Heaviest Build 120 | 14 32 52 52 52 70 68 66 66 66 71 79 78 77 76 81 120 15 47 44 44 31 28 82 18 . Greatest Support 173 | 26 26 32 32 32 60 56 56 52 52 140 140 140 93 93 93 22 3 72 48 48 36 26 173 26 150 Greatest Overweight (x) 7 | . 1 1 1 1 2 1 2 1 1 1 . 1 . . 3 7 4 3 . . . 1 3 1 . Average Overweight (x) . | . . . 1 1 . 1 1 1 1 . . . . . . 4 . . . . . . . . . Largest Inventory Capacity 20 | 8 15 20 20 20 20 20 20 20 20 20 20 20 20 20 20 20 5 15 15 15 15 15 20 5 5 Average Capacity 17 | 7 9 17 20 20 20 20 20 20 20 20 20 20 20 20 20 19 5 11 15 15 15 14 18 5 5 Most Carried 20 | 4 8 13 17 16 20 20 20 20 19 20 20 20 20 20 20 16 5 15 12 15 15 15 13 5 4 Average Carried 15 | 2 7 9 14 15 19 19 19 19 18 19 18 19 19 20 19 13 4 10 11 14 14 12 8 4 . Final Capacity 20 | 8 15 20 20 20 20 20 20 20 20 20 20 20 20 20 20 5 5 15 15 15 15 5 5 5 5 Final Carried 20 | 3 8 13 15 16 20 20 20 20 19 20 18 20 20 20 11 5 5 11 12 15 15 5 5 4 . Class Distribution -------------------- 41% | Mutant 24% | Scavenger-Mutant 14% | Hacker-Mutant 4% | Commander-Mutant 4% | Bothacker-Mutant 3% | Hacker-Sprinter Dominant Class ---------------- Mutant | -10/Materials Mutant | -10/Mines Mutant | -10/Exiles Mutant | -9/Mines Mutant | -8/Materials Mutant | -8/Storage Mutant | -8/Garrison Bothacker-Mutant | -8/Recycling Hacker-Mutant | -6/Factory Hacker-Mutant | -6/Waste Hacker-Mutant | -6/Factory Hacker-Mutant | -6/Extension Scavenger-Mutant | -6/Cetus Scavenger-Mutant | -6/Archives Scavenger-Mutant | -6/Hub_04(d) Scavenger-Mutant | -5/Factory Mutant | -5/Waste Mutant | -5/Factory Hacker-Sprinter | -5/Upper Caves Hacker-Sprinter | -5/Upper Caves Hacker-Sprinter | -5/Warlord Hacker-Sprinter | -4/Proximity Caves Scavenger-Mutant | -4/Factory Mutant | -3/Research Mutant | -3/Garrison Resources | -11 -10 -10 -10 -9 -8 -8 -8 -8 -6 -6 -6 -6 -6 -6 -6 -5 -5 -5 -5 -5 -5 -4 -4 -3 -3 ----------- Run | Scr Mat Min Exi Min Mat Sto Gar Rec Fac Was Fac Ext Cet Arc Hub Fac Was Fac Upp Upp War Pro Fac Res Gar Matter Collected 7524 | 222 355 133 . 42 281 124 812 . . 151 348 1454 66 53 903 795 60 702 10 45 . 31 821 64 52 Remotely . | . . . . . . . . . . . . . . . . . . . . . . . . . . Salvage Created 11173 | . 497 230 . . 1392 822 1160 64 . . 834 1043 . . 811 1180 . 1071 71 . . . 1867 64 67 Parts 515 | . 45 16 . . 70 38 38 1 . . 41 39 . . 41 41 . 43 2 . . . 100 . . Haulers Intercepted 7 | . 2 . . . 3 2 . . . . . . . . . . . . . . . . . . . Recyclers Shooed 4 | . . . . . . . . . . . . . . . . 3 . 1 . . . . . . . Parts Field Recycled . | . . . . . . . . . . . . . . . . . . . . . . . . . . Retrieved Matter . | . . . . . . . . . . . . . . . . . . . . . . . . . . Parts Self-Destructed . | . . . . . . . . . . . . . . . . . . . . . . . . . . Prevented . | . . . . . . . . . . . . . . . . . . . . . . . . . . Kills | -11 -10 -10 -10 -9 -8 -8 -8 -8 -6 -6 -6 -6 -6 -6 -6 -5 -5 -5 -5 -5 -5 -4 -4 -3 -3 ------- Run | Scr Mat Min Exi Min Mat Sto Gar Rec Fac Was Fac Ext Cet Arc Hub Fac Was Fac Upp Upp War Pro Fac Res Gar Combat Hostiles Destroyed 174 | . 12 11 . . 26 11 23 . . . 14 11 . . 15 8 . 17 . . . . 24 1 1 Melee 15 | . . . . . . . 7 . . . 2 . . . 1 . . . . . . . 3 1 1 Guns 63 | . 2 11 . . 4 . . . . . . 11 . . 7 1 . 7 . . . . 20 . . Cannons 21 | . . . . . 15 . . . . . . . . . 1 2 . 3 . . . . . . . AOE 61 | . 9 . . . 5 11 14 . . . 12 . . . 6 3 . 1 . . . . . . . Classes Destroyed 22 | . 8 . . . 2 1 2 . . . 6 . . . 2 . . 1 . . . . . . . Worker 23 | . 4 . . . 1 3 . . . . 1 1 . . 5 2 . 2 . . . . 4 . . Builder 5 | . . . . . . . . . . . 3 . . . . 1 . . . . . . 1 . . Tunneler 1 | . 1 . . . . . . . . . . . . . . . . . . . . . . . . Hauler 7 | . 2 . . . 3 2 . . . . . . . . . . . . . . . . . . . Recycler 13 | . 1 . . . 1 1 . 1 . . . 2 . . . 5 . 1 . . . . 1 . . Carrier 1 | . . . . . . . . . . . . . . . . . . 1 . . . . . . . Mechanic 1 | . . . . . . . . . . . 1 . . . . . . . . . . . . . . Operator 7 | . 1 . . . 2 2 . . . . . . . . . . . 1 . . . . 1 . . Watcher 19 | . 3 . . . 5 2 2 . . . . . . . . 1 . 4 . . . . 2 . . Swarmer 44 | . 6 9 . . 7 2 8 . . . . . . . . . . 10 . . . . 2 . . Saboteur 2 | . . . . . . . . . . . 1 . . . . . . . . . . . 1 . . Grunt 63 | . 6 2 . . 10 8 7 . . . 5 5 . . 6 3 . . . . . . 11 . . Brawler 1 | . . . . . . . . . . . 1 . . . . . . . . . . . . . . Duelist 4 | . . . . . . . 2 . . . 1 . . . . . . . . . . . 1 . . Protector 3 | . . . . . . 1 . . . . 1 . . . 1 . . . . . . . . . . Sentry 23 | . . . . . 7 . 4 . . . . 4 . . 4 . . 2 . . . . 2 . . Specialist 5 | . . . . . . . . . . . . . . . 3 1 . . . . . . . . 1 Hunter 10 | . . . . . 2 . 1 . . . 4 . . . . 2 . 1 . . . . . . . Programmer 19 | . . . . . . . . . . . 2 2 . . 1 2 . 4 . . . . 7 1 . Heavy 1 | . . . . . . . . . . . . . . . 1 . . . . . . . . . . Behemoth 1 | . . . . . . . 1 . . . . . . . . . . . . . . . . . . Surgeon 1 | . . . . . . . . . . . 1 . . . . . . . . . . . . . . Wasp 2 | . . . . . . . . . . . 2 . . . . . . . . . . . . . . Thug 3 | . . . . . . 1 . . . . 2 . . . . . . . . . . . . . . Martyr 2 | . . . . . . . . . . . 2 . . . . . . . . . . . . . . Best Kill Streak 16 | . 10 3 . . 5 16 4 1 . . 8 7 . . 3 4 . 5 . . . . 8 1 1 Combat Bots Only 8 | . 5 3 . . 4 8 4 . . . 5 7 . . 3 3 . 5 . . . . 6 1 1 Max Kills in Single Turn 7 | . 3 1 . . 2 6 2 1 . . 7 2 . . 3 2 . 2 . . . . 2 1 1 Gunslinging 1 | . . . . . . . . . . . . . . . . . . 1 . . . . . . . Exploded 6 | . 2 . . . 2 6 2 . . . 4 . . . 3 2 . 1 . . . . . . . Melee 1 | . . . . . . . 1 . . . 1 . . . 1 . . . . . . . 1 1 1 Uniques/NPCs Destroyed . | . . . . . . . . . . . . . . . . . . . . . . . . . . Combat | -11 -10 -10 -10 -9 -8 -8 -8 -8 -6 -6 -6 -6 -6 -6 -6 -5 -5 -5 -5 -5 -5 -4 -4 -3 -3 -------- Run | Scr Mat Min Exi Min Mat Sto Gar Rec Fac Was Fac Ext Cet Arc Hub Fac Was Fac Upp Upp War Pro Fac Res Gar Damage Taken 22971 | . 291 232 . . 1264 190 1301 . 93 . 1760 812 47 . 2802 2821 . 1375 . 245 73 1209 5204 1522 1730 Core 4044 | . 56 26 . . 53 7 234 . . . 116 105 . . 263 269 . 237 . . 35 416 925 718 584 Absorbed by Shields 319 | . . . . . . . . . . . . 242 . . . . . 25 . . . . . . 52 Reduced by Siege Mode 112 | . . . . . . . . . . . . . . . . . . . . . . . 112 . . Redirected to Shielding 49 | . . . . . . . . . . . . . . . . . . . . . . . 49 . . Regen/Repaired (Parts) 1223 | . . . . . . . . . . . 562 87 . . . . . . . . . . 574 . . Core Remaining (%) 46 | 100 . . . 67 . . . 46 . . . . . . 43 . . . . . . 4 19 . . Volleys Fired 484 | . 29 17 . . 77 14 46 1 . . 19 42 . . 47 46 . 36 . 9 . 11 87 3 . Largest 2 | . 2 2 . . 2 2 2 1 . . 1 2 . . 2 2 . 2 . 1 . 2 2 1 . Hottest 170 | . 80 40 . . 130 72 72 65 . . 50 66 . . 125 170 . 146 . 35 . 151 100 94 . Shots Fired 793 | . 49 34 . . 150 18 62 1 . . 19 76 . 1 76 55 . 67 . 10 . 16 156 3 . Gun 447 | . 40 34 . . 19 2 . . . . . 68 . 1 60 10 . 43 . . . 11 156 3 . Cannon 221 | . . . . . 126 . . 1 . . . 8 . . 3 44 . 24 . 10 . 5 . . . Launcher 121 | . 9 . . . 5 16 62 . . . 19 . . . 10 . . . . . . . . . . Special 4 | . . . . . . . . . . . . . . . 3 1 . . . . . . . . . Kinetic 324 | . 24 34 . . . . . . . . . 68 . 1 59 8 . 14 . . . 4 112 . . Thermal 199 | . . . . . 126 . . 1 . . . 8 . . 4 20 . 23 . 10 . 4 . 3 . Explosive 55 | . 9 . . . 5 . 15 . . . 16 . . . 10 . . . . . . . . . . Electromagnetic 211 | . 16 . . . 19 18 47 . . . 3 . . . . 26 . 30 . . . 8 44 . . Robot Hit Streak 17 | . 4 7 . . 14 . 6 7 . . 3 10 . . 12 17 . 12 . . . 15 17 3 . Robot Miss Streak 14 | . 3 2 . . 5 2 2 . . . 12 2 . 2 14 4 . 4 . . . 2 3 . . Penetration Max 3 | . . . . . . . . . . . . 3 . . 2 1 . . . . . . 1 . . Secondary Targets 10 | . . 3 . . . . . . . . . . . . 1 . . 2 . . . . 4 . . Max Gunslinging Chain 1 | . . 1 . . . . . . . . . . . . 1 . . 1 . . . . 1 . . Shots Hit Robots 558 | . 24 21 . . 86 . 50 1 2 2 23 80 . . 53 38 . 53 2 . . 8 106 9 . Core Hits 495 | . 30 14 . . 47 46 43 . . . 73 37 . 1 90 23 . 20 2 . . 5 63 1 . Critical Kills 22 | . . . . . 2 . . 1 . . . 8 . . 4 1 . 1 . . . . 5 . . Critical Parts Destroyed 29 | . . . . . . . . . . . . 11 . . 7 . . 6 . . . . 3 2 . Critical Strikes 66 | . . . . . 2 . 6 1 . . 3 20 . . 11 1 . 9 . . . . 11 2 . Meltdown 4 | . . . . . 2 . . 1 . . . . . . . . . 1 . . . . . . . Destroy 41 | . . . . . . . . . . . . 20 . . 11 1 . 1 . . . . 8 . . Corrupt 5 | . . . . . . . . . . . . . . . . . . 2 . . . . 3 . . Smash 7 | . . . . . . . . . . . . . . . . . . 5 . . . . . 2 . Sever 9 | . . . . . . . 6 . . . 3 . . . . . . . . . . . . . . Melee Attacks 182 | . . . . . . 9 51 . 2 2 23 24 . . 18 2 . 18 2 . 5 2 3 21 . Thermal 3 | . . . . . . . . . . . . . . . . . . . . . . . 3 . . Impact 61 | . . . . . . . . . . . . . . . 11 2 . 18 2 . 5 2 . 21 . Slashing 72 | . . . . . . 9 45 . . . 15 3 . . . . . . . . . . . . . Piercing . | . . . . . . . . . . . . . . . . . . . . . . . . . . Sneak Attacks 48 | . . . . . . . 1 . 2 . 8 24 . . 8 . . 4 . . . . . 1 . Combat Hostiles 3 | . . . . . . . 1 . . . . . . . 1 . . . . . . . . 1 . Follow-up Attacks . | . . . . . . . . . . . . . . . . . . . . . . . . . . Damage Inflicted 26573 | . 1143 297 . . 2798 1721 3536 27 . . 3972 947 . 18 2677 2287 . 2851 254 . . 191 3399 445 10 Guns 5937 | . 294 297 . . 153 18 . . . . . 539 . 18 414 214 . 640 . . . 160 3080 110 . Cannons 4823 | . . . . . 2220 . . 27 . . . 190 . . 81 1378 . 896 . . . 31 . . . Explosions 12112 | . 849 . . . 423 1703 2314 . . . 3497 . . . 1941 695 . 410 . . . . 280 . . Melee 3541 | . . . . . . . 1222 . . . 451 212 . . 162 . . 905 254 . . . . 335 . Ramming 160 | . . . . . 2 . . . . . 24 6 . . 79 . . . . . . . 39 . 10 Kinetic 4142 | . 174 297 . . . . . . . . . 539 . 18 393 186 . 208 . . . 55 2272 . . Thermal 6128 | . 175 . . . 2220 488 126 27 . . 918 190 . . 102 693 . 867 . . . 31 181 110 . Explosive 7005 | . 674 . . . 423 175 647 . . . 2467 . . . 1627 557 . 336 . . . . 99 . . Electromagnetic 5597 | . 120 . . . 153 1058 1541 . . . 112 . . . 314 851 . 535 . . . 105 808 . . Impact 1656 | . . . . . . . . . . . . . . . 162 . . 905 254 . . . . 335 . Slashing 1885 | . . . . . . . 1222 . . . 451 212 . . . . . . . . . . . . . Piercing . | . . . . . . . . . . . . . . . . . . . . . . . . . . Highest Corruption 32 | . 2 2 2 2 1 2 11 11 . . 13 19 20 20 32 6 6 13 13 17 17 17 15 11 11 Average Corruption 9 | . 2 2 2 2 1 1 4 11 . . 9 14 19 20 20 5 6 9 13 13 17 17 5 3 11 Corruption Purged . | . . . . . . . . . . . . . . . . . . . . . . . . . . Corruption Blocked . | . . . . . . . . . . . . . . . . . . . . . . . . . . Effects 450 | . 7 9 9 2 3 3 45 14 . . 24 81 14 9 84 18 2 58 8 12 3 6 29 7 3 Message Errors 104 | . 2 3 2 . . . 6 6 . . 9 21 4 . 15 3 . 14 3 3 . 3 6 3 1 Matter Fused 113 | . 3 3 3 1 . 1 12 3 . . 4 18 2 4 22 4 2 17 1 5 . . 4 2 2 Heat Flow Errors 60 | . . 2 . . 1 1 7 1 . . 3 12 2 1 11 1 . 8 3 2 1 . 4 . . Energy Discharges 51 | . 2 . 2 . . . 8 2 . . 1 9 3 1 7 2 . 4 1 1 1 1 5 1 . Parts Rejected 7 | . . . . . . . . 2 . . . . . . 1 1 . 1 . . . . 2 . . Data Loss (minor) 54 | . . . 2 1 1 . 10 . . . 2 9 1 2 9 5 . 6 . . . 1 4 1 . Data Loss (major) 22 | . . 1 . . . . . . . . 2 7 1 . 6 1 . 4 . . . . . . . Misfires 13 | . . . . . 1 1 2 . . . . 2 . 1 3 . . 2 . 1 . . . . . Alerts 9 | . . . . . . . . . . . 1 2 . . 2 1 . 1 . . 1 . 1 . . Misdirections 6 | . . . . . . . . . . . 2 1 1 . 1 . . . . . . . 1 . . Weapon Failures 11 | . . . . . . . . . . . . . . . 7 . . 1 . . . 1 2 . . Overload Shots 8 | . . . . . . . . . . . . . . . . . . 8 . . . . . . . Overflow Damage 1504 | . 27 . . . 96 1 60 . . . 269 84 . . 83 80 . 664 . . . . . 140 . Projectiles 381 | . . . . . 89 . . . . . . . . . . 43 . 249 . . . . . . . Explosions 382 | . 27 . . . 7 1 40 . . . 229 . . . 35 37 . 6 . . . . . . . Melee 741 | . . . . . . . 20 . . . 40 84 . . 48 . . 409 . . . . . 140 . Knockbacks 12 | . . . . . . . . . . . . . . . 1 . . 8 . . . . . 3 . Impact 10 | . . . . . . . . . . . . . . . 1 . . 7 . . . . . 2 . Kinetic . | . . . . . . . . . . . . . . . . . . . . . . . . . . Secondary 2 | . . . . . . . . . . . . . . . . . . 1 . . . . . 1 . Self-Inflicted Damage 1034 | . 106 . . . 24 45 198 . . . 188 . . . 386 56 . 30 . . . . . . 1 Shots 38 | . 5 . . . 1 3 13 . . . 5 . . . 9 1 . 1 . . . . . . . Rammed 37 | . . . . . 1 . . . . . 1 1 . . 9 . . . . . . . 11 . 14 Targets Rammed 41 | . . . . . 1 . . . . . 1 1 . . 10 . . . . . . . 13 . 15 Kicked . | . . . . . . . . . . . . . . . . . . . . . . . . . . Crushed 4 | . . . . . . . . . . . . . . . 1 . . . . . . . 2 . 1 Highest Temperature 381 | . 24 208 . . 194 169 210 120 . . 175 211 185 189 189 381 . 252 251 256 114 72 245 28 58 Average Temperature 72 | . 8 83 . . 61 61 74 51 . . 69 63 98 96 62 104 . 96 44 47 39 25 70 12 25 Received Heat Transfer 3714 | . 87 30 . . 459 90 282 . 45 . 87 210 18 . 366 531 . 63 . . . . 694 72 680 Effects 5 | . . . . . . . . . . . . . . . . . . 5 . . . . . . . Energy Bleed 1 | . . . . . . . . . . . . . . . . . . 1 . . . . . . . Interference 4 | . . . . . . . . . . . . . . . . . . 4 . . . . . . . Siege Activations 4 | . . . . . . . . . . . . . . . . . . . . . . . 4 . . Total Turns 54 | . . . . . . . . . . . . . . . . . . . . . . . 54 . . Longest Duration 20 | . . . . . . . . . . . . . . . . . . . . . . . 20 . . Robots Corrupted 8 | . . . . . . . 2 . . . . . . . 1 2 . 2 . . . . 1 . . Combat Hostiles 7 | . . . . . . . 2 . . . . . . . . 2 . 2 . . . . 1 . . Parts Fried 49 | . . . . . . 3 10 . . . 1 1 . . 8 7 . 14 . . . . 3 2 . Impact Corruptions 27 | . . . . . . . . . . . . . . . 2 . . 18 . . . . . 7 . Robots Melted 6 | . . . . . 3 . . 1 . . . . . . . . . 2 . . . . . . . Combat Hostiles 4 | . . . . . 2 . . . . . . . . . . . . 2 . . . . . . . Parts Melted 24 | . 1 . . . 8 1 . 2 . . . 2 . . . 4 . 6 . . . . . . . Heat Transferred 7284 | . 200 . . . 3034 750 300 37 . . 650 259 . . 148 705 . 990 . . . 50 50 111 . Parts Sabotaged 5 | . . . . . . . . . . . . . . . . . . . . . . . 5 . . Parts Stolen . | . . . . . . . . . . . . . . . . . . . . . . . . . . Parts Stripped . | . . . . . . . . . . . . . . . . . . . . . . . . . . Power Chain Reactions 17 | . 3 . . . . 5 4 . . . . . . . 1 2 . 1 . . . . 1 . . Missiles Intercepted . | . . . . . . . . . . . . . . . . . . . . . . . . . . Alert | -11 -10 -10 -10 -9 -8 -8 -8 -8 -6 -6 -6 -6 -6 -6 -6 -5 -5 -5 -5 -5 -5 -4 -4 -3 -3 ------- Run | Scr Mat Min Exi Min Mat Sto Gar Rec Fac Was Fac Ext Cet Arc Hub Fac Was Fac Upp Upp War Pro Fac Res Gar Peak Influence 1905 | . 592 394 . . 617 932 1905 974 1212 424 1253 1072 958 570 1054 470 108 509 . . . . 707 832 377 Initial 1212 | . . 114 . . . 232 486 856 1212 424 296 553 564 383 199 460 108 72 . . . . 9 337 327 Average 574 | . 352 260 . . 353 727 1376 874 1212 424 702 553 738 560 526 314 105 289 . . . . 249 582 348 Maximum Alert Level 5 | . 2 1 . . 2 3 5 3 4 2 4 3 3 2 3 2 . 2 . . . . 3 3 1 Low Security (%) 13 | 100 20 36 . 100 14 . . . . . . . . . 11 10 100 17 . . . . 55 . . Level 1 27 | . 36 63 . . 52 21 . . . . 10 22 . 1 4 62 . 67 . . . . 22 24 100 Level 2 34 | . 42 . . . 33 4 7 6 . 100 58 62 66 98 61 27 . 14 . . . . 21 57 . Level 3 14 | . . . . . . 73 28 93 . . 21 15 33 . 22 . . . . . . . 1 17 . Level 4 5 | . . . . . . . 29 . 100 . 9 . . . . . . . . . . . . . . Level 5 4 | . . . . . . . 34 . . . . . . . . . . . . . . . . . . High Security . | . . . . . . . . . . . . . . . . . . . . . . . . . . Max Security . | . . . . . . . . . . . . . . . . . . . . . . . . . . Squads Dispatched 58 | . 1 . . . 4 6 . . . . 9 3 . . 14 4 . 6 . . . . 8 3 . Investigation 9 | . 1 . . . 2 2 . . . . . . . . 1 1 . 1 . . . . . 1 . Extermination 12 | . . . . . . . . . . . 2 . . . 3 1 . 2 . . . . 3 1 . Reinforcement 25 | . . . . . 2 . . . . . 5 1 . . 9 2 . 3 . . . . 2 1 . Assault 11 | . . . . . . 4 . . . . 2 2 . . 1 . . . . . . . 2 . . Garrison 1 | . . . . . . . . . . . . . . . . . . . . . . . 1 . . Intercept . | . . . . . . . . . . . . . . . . . . . . . . . . . . Searches Triggered 2 | . . . . . . . . . . . . . . . . . . 1 . . . . . 1 . Construction Impeded 6 | . . . . . . . . . . . 2 . . . 2 1 . . . . . . 1 . . Haulers Reinforced . | . . . . . . . . . . . . . . . . . . . . . . . . . . Active Scanning Responses . | . . . . . . . . . . . . . . . . . . . . . . . . . . Cargo Convoy Interrupts 2 | . . . . . . . . . . . 1 . . . . 1 . . . . . . . . . Stealth | -11 -10 -10 -10 -9 -8 -8 -8 -8 -6 -6 -6 -6 -6 -6 -6 -5 -5 -5 -5 -5 -5 -4 -4 -3 -3 --------- Run | Scr Mat Min Exi Min Mat Sto Gar Rec Fac Was Fac Ext Cet Arc Hub Fac Was Fac Upp Upp War Pro Fac Res Gar Distress Signals 23 | . 1 . . . 3 2 2 . . . 4 1 2 . 2 2 . 1 . . . . 2 1 . Communications Jammed . | . . . . . . . . . . . . . . . . . . . . . . . . . . Distress Signals . | . . . . . . . . . . . . . . . . . . . . . . . . . . Times Spotted 452 | . 14 10 . . 38 36 49 24 4 . 34 41 6 1 42 26 6 31 . 5 . 2 48 32 3 Peak Tracking Total 15 | . 4 3 . . 7 13 7 7 3 . 10 9 5 1 6 12 6 5 . 8 . 2 10 15 3 Tactical Retreats 44 | . 1 . . . 1 4 14 . . . 2 . . . 1 2 . 6 . 3 . 1 3 6 . Traps | -11 -10 -10 -10 -9 -8 -8 -8 -8 -6 -6 -6 -6 -6 -6 -6 -5 -5 -5 -5 -5 -5 -4 -4 -3 -3 ------- Run | Scr Mat Min Exi Min Mat Sto Gar Rec Fac Was Fac Ext Cet Arc Hub Fac Was Fac Upp Upp War Pro Fac Res Gar Traps Triggered 30 | . 4 . . . 1 4 6 . 1 . 2 1 . . 1 1 . 5 . . 1 . 1 . 2 Indirectly 6 | . . . . . . 4 1 . . . . . . . 1 . . . . . . . . . . Trap Hack Attempts 21 | . . . . . . . . . 4 . . 1 . . . . . . . . . . . 16 . Triggered . | . . . . . . . . . . . . . . . . . . . . . . . . . . Disarmed . | . . . . . . . . . . . . . . . . . . . . . . . . . . Reprogrammed 6 | . . . . . 4 . . . . . . 1 . . . . . . . . . . . 1 . Reused 1 | . . . . . 1 . . . . . . . . . . . . . . . . . . . . Traps Extracted . | . . . . . . . . . . . . . . . . . . . . . . . . . . Installed . | . . . . . . . . . . . . . . . . . . . . . . . . . . Triggered 5 | . . . . . 1 3 1 . . . . . . . . . . . . . . . . . . Most Traps Carried 4 | . . 4 4 4 4 . . . . . . . . . . . . . . . . . . . . Power Sources Rigged 1 | . . . . . 1 . . . . . . . . . . . . . . . . . . . . Exploded 1 | . . . . . 1 . . . . . . . . . . . . . . . . . . . . Machines | -11 -10 -10 -10 -9 -8 -8 -8 -8 -6 -6 -6 -6 -6 -6 -6 -5 -5 -5 -5 -5 -5 -4 -4 -3 -3 ---------- Run | Scr Mat Min Exi Min Mat Sto Gar Rec Fac Was Fac Ext Cet Arc Hub Fac Was Fac Upp Upp War Pro Fac Res Gar Machines Disabled 58 | . 3 . . . 3 4 6 . . . 11 . 2 3 6 1 . 8 . . . . 11 . . Max in Single Turn 6 | . 3 . . . 1 1 1 . . . 5 . . . 5 1 . 6 . . . . 6 . . Garrison Access 2 | . . . . . . . . . . . 1 . . . . . . 1 . . . . . . . Garrison Relay 5 | . . . . . . . 4 . . . . . . . . . . . . . . . . . 1 Network Hub 2 | . . . . . . . . . . . . . . . 2 . . . . . . . . . . Machines Sabotaged . | . . . . . . . . . . . . . . . . . . . . . . . . . . Garrisons Compromised . | . . . . . . . . . . . . . . . . . . . . . . . . . . Overloaded Fab Kills . | . . . . . . . . . . . . . . . . . . . . . . . . . . Hacking | -11 -10 -10 -10 -9 -8 -8 -8 -8 -6 -6 -6 -6 -6 -6 -6 -5 -5 -5 -5 -5 -5 -4 -4 -3 -3 --------- Run | Scr Mat Min Exi Min Mat Sto Gar Rec Fac Was Fac Ext Cet Arc Hub Fac Was Fac Upp Upp War Pro Fac Res Gar Machines Accessed 98 | . 4 . 2 . 9 5 . 13 . . 5 16 3 1 10 5 . 16 . 1 . . 5 3 . Terminals 65 | . 4 . . . 7 4 . 6 . . 3 16 3 . 9 1 . 8 . . . . 3 1 . Fabricators 4 | . . . . . . . . . . . . . . . . 1 . 2 . . . . . 1 . Repair Stations 4 | . . . . . 1 . . . . . 1 . . . . . . 1 . . . . 1 . . Recycling Units 10 | . . . . . 1 . . 7 . . . . . . . 1 . 1 . . . . . . . Scanalyzers 3 | . . . . . . . . . . . . . . . . 1 . 1 . . . . 1 . . Garrison Access 8 | . . . . . . 1 . . . . 1 . . . 1 1 . 3 . . . . . 1 . Total Hacks 321 | . 8 . 5 . 25 10 . 29 . . 13 30 7 25 23 22 . 73 . 1 . . 36 14 . Successful 165 | . 3 . 5 . 12 5 . 16 . . 9 17 3 25 12 9 . 27 . 1 . . 15 6 . Failed 155 | . 5 . . . 13 5 . 12 . . 4 13 4 . 11 13 . 46 . . . . 21 8 . Catastrophic 23 | . . . . . 2 . . 2 . . 1 1 1 . . 2 . 7 . . . . 2 5 . Database Lockouts 1 | . . . . . . . . 1 . . . . . . . . . . . . . . . . . Manual 136 | . 4 . 1 . 19 . . 25 . . 6 3 1 1 11 8 . 37 . . . . 11 9 . Terminals 178 | . 8 . . . 21 7 . 21 . . 7 30 7 . 21 1 . 35 . . . . 15 5 . Fabricators 11 | . . . . . . . . . . . . . . . . 1 . 5 . . . . . 5 . Repair Stations 19 | . . . . . 2 . . . . . 4 . . . . . . 4 . . . . 9 . . Recycling Units 16 | . . . . . 2 . . 8 . . . . . . . 1 . 5 . . . . . . . Scanalyzers 33 | . . . . . . . . . . . . . . . . 12 . 9 . . . . 12 . . Garrison Access 33 | . . . . . . 3 . . . . 2 . . . 2 7 . 15 . . . . . 4 . Terminal Hacks 81 | . 2 . 5 . 5 4 . 5 . . 2 17 3 25 7 1 . 3 . 1 . . 1 . . Record 31 | . . . 4 . . . . . . . . . 2 25 . . . . . . . . . . . Part Schematic 6 | . . . . . 1 1 . 2 . . . . . . . . . 1 . . . . 1 . . Robot Schematic 2 | . . . . . . . . 1 . . . . . . 1 . . . . . . . . . . Robot Analysis 1 | . 1 . . . . . . . . . . . . . . . . . . . . . . . . Open Door 20 | . . . . . . 3 . . . . 1 14 1 . . . . . . 1 . . . . . Open DSF 1 | . . . . . . . . . . . . . . . . 1 . . . . . . . . . Branch Access Points 3 | . . . . . 1 . . . . . 1 . . . 1 . . . . . . . . . . Machine Index 1 | . . . . . . . . . . . . . . . 1 . . . . . . . . . . Terminal Index 2 | . 1 . . . . . . . . . . . . . . . . 1 . . . . . . . Garrison Index 2 | . . . . . 1 . . . . . . . . . . . . 1 . . . . . . . Alert Level 1 | . . . . . 1 . . . . . . . . . . . . . . . . . . . . Unreport Threat 7 | . . . . . . . . 2 . . . 3 . . 2 . . . . . . . . . . Reprogram Traps 1 | . . . . . 1 . . . . . . . . . . . . . . . . . . . . Recall Reinforcements 1 | . . . . . . . . . . . . . . . 1 . . . . . . . . . . Zone Layout 1 | . . . . . . . . . . . . . . . 1 . . . . . . . . . . EX-Prototype ID Bank 1 | . . . 1 . . . . . . . . . . . . . . . . . . . . . . Fabricator Hacks 5 | . . . . . . . . . . . . . . . . 1 . 2 . . . . . 2 . Network Status 3 | . . . . . . . . . . . . . . . . 1 . 1 . . . . . 1 . Load Schematic 2 | . . . . . . . . . . . . . . . . . . 1 . . . . . 1 . Repair Station Hacks 9 | . . . . . 1 . . . . . 4 . . . . . . . . . . . 4 . . Scan Component 5 | . . . . . 1 . . . . . 2 . . . . . . . . . . . 2 . . Repair 4 | . . . . . . . . . . . 2 . . . . . . . . . . . 2 . . Recycling Unit Hacks 1 | . . . . . . . . 1 . . . . . . . . . . . . . . . . . Report Inventory 1 | . . . . . . . . 1 . . . . . . . . . . . . . . . . . Scanalyzer 14 | . . . . . . . . . . . . . . . . 4 . 3 . . . . 7 . . Insert Component 7 | . . . . . . . . . . . . . . . . 2 . 2 . . . . 3 . . Analyze 7 | . . . . . . . . . . . . . . . . 2 . 1 . . . . 4 . . Garrison Access Hacks 8 | . . . . . . 1 . . . . 2 . . . 1 . . 3 . . . . . 1 . Unlock Access 2 | . . . . . . 1 . . . . . . . . . . . . . . . . . 1 . Seal Access 2 | . . . . . . . . . . . 1 . . . . . . 1 . . . . . . . Coupler Status 4 | . . . . . . . . . . . 1 . . . 1 . . 2 . . . . . . . Unauthorized Hacks 47 | . 1 . . . 6 . . 10 . . 1 . . . 4 3 . 16 . . . . 3 3 . Terminals 24 | . 1 . . . 4 . . 3 . . 1 . . . 3 . . 7 . . . . 3 2 . Assimilate 6 | . . . . . 1 . . . . . . . . . 1 . . 2 . . . . 1 1 . Botnet 14 | . . . . . 2 . . 3 . . 1 . . . 2 . . 3 . . . . 2 1 . Detonate 1 | . . . . . . . . . . . . . . . . . . 1 . . . . . . . Operators 3 | . 1 . . . 1 . . . . . . . . . . . . 1 . . . . . . . Fabricators 1 | . . . . . . . . . . . . . . . . . . 1 . . . . . . . Report 1 | . . . . . . . . . . . . . . . . . . 1 . . . . . . . Repair Stations . | . . . . . . . . . . . . . . . . . . . . . . . . . . Recycling Units 13 | . . . . . 2 . . 7 . . . . . . . . . 4 . . . . . . . Monitor 1 | . . . . . . . . . . . . . . . . . . 1 . . . . . . . Reject 2 | . . . . . 1 . . . . . . . . . . . . 1 . . . . . . . Recyclers 1 | . . . . . . . . . . . . . . . . . . 1 . . . . . . . Mask 2 | . . . . . 1 . . . . . . . . . . . . 1 . . . . . . . Tunnel 7 | . . . . . . . . 7 . . . . . . . . . . . . . . . . . Scanalyzers . | . . . . . . . . . . . . . . . . . . . . . . . . . . Garrison Access 9 | . . . . . . . . . . . . . . . 1 3 . 4 . . . . . 1 . Broadcast 2 | . . . . . . . . . . . . . . . . 1 . 1 . . . . . . . Decoy 2 | . . . . . . . . . . . . . . . 1 . . 1 . . . . . . . Redirect 2 | . . . . . . . . . . . . . . . . 1 . 1 . . . . . . . Reprogram 1 | . . . . . . . . . . . . . . . . . . . . . . . . 1 . Watchers 2 | . . . . . . . . . . . . . . . . 1 . 1 . . . . . . . Data Cores Recovered 2 | . 1 . . . . 1 . . . . . . . . . . . . . . . . . . . Used . | . . . . . . . . . . . . . . . . . . . . . . . . . . Hacking Detections 59 | . 3 . . . 6 3 . 6 . . 4 6 3 . 8 3 . 10 . . . . 5 2 . Full Trace Events 6 | . . . . . 1 2 . . . . . . . . . 1 . 1 . . . . . 1 . Feedback Events 1 | . . . . . . . . . . . . . . . . 1 . . . . . . . . . Corruption 1 | . . . . . . . . . . . . . . . . 1 . . . . . . . . . Feedback Blocked . | . . . . . . . . . . . . . . . . . . . . . . . . . . Robot Schematics Acquired 2 | . . . . . . . . 1 . . . . . . 1 . . . . . . . . . . Robots Built . | . . . . . . . . . . . . . . . . . . . . . . . . . . Authchips . | . . . . . . . . . . . . . . . . . . . . . . . . . . Time . | . . . . . . . . . . . . . . . . . . . . . . . . . . Total Robot Build Rating . | . . . . . . . . . . . . . . . . . . . . . . . . . . Part Schematics Acquired 9 | . . . . . 1 1 . 1 . . . . . . . 1 . 2 . . . . 3 . . Parts Built . | . . . . . . . . . . . . . . . . . . . . . . . . . . Authchips . | . . . . . . . . . . . . . . . . . . . . . . . . . . Time . | . . . . . . . . . . . . . . . . . . . . . . . . . . Total Part Build Rating . | . . . . . . . . . . . . . . . . . . . . . . . . . . Parts Repaired 4 | . . . . . . . . . . . 2 . . . . . . . . . . . 2 . . Time 103 | . . . . . . . . . . . 56 . . . . . . . . . . . 47 . . Parts Recycled . | . . . . . . . . . . . . . . . . . . . . . . . . . . Recycled Matter . | . . . . . . . . . . . . . . . . . . . . . . . . . . Retrieved Matter . | . . . . . . . . . . . . . . . . . . . . . . . . . . Retrieved Components . | . . . . . . . . . . . . . . . . . . . . . . . . . . Parts Scanalyzed 7 | . . . . . . . . . . . . . . . . 2 . 2 . . . . 3 . . Part Schematics Acquired 4 | . . . . . . . . . . . . . . . . 1 . 1 . . . . 2 . . Parts Damaged . | . . . . . . . . . . . . . . . . . . . . . . . . . . Bothacking | -11 -10 -10 -10 -9 -8 -8 -8 -8 -6 -6 -6 -6 -6 -6 -6 -5 -5 -5 -5 -5 -5 -4 -4 -3 -3 ------------ Run | Scr Mat Min Exi Min Mat Sto Gar Rec Fac Was Fac Ext Cet Arc Hub Fac Was Fac Upp Upp War Pro Fac Res Gar Used RIF Installer 1 | . . . . . . . 1 . . . . . . . . . . . . . . . . . . Robots Hacked 27 | . . . . . . . 6 . 2 . 6 6 . . 6 1 . . . . . . . . . Non-combat 18 | . . . . . . . . . 2 . 6 6 . . 4 . . . . . . . . . . Combat 9 | . . . . . . . 6 . . . . . . . 2 1 . . . . . . . . . Robot Hacks Applied 28 | . . . . . . . 6 . 2 . 6 6 . . 7 1 . . . . . . . . . no_distress 4 | . . . . . . . . . . . 3 . . . 1 . . . . . . . . . . find_chute 1 | . . . . . . . . . 1 . . . . . . . . . . . . . . . . ignore_repairs 3 | . . . . . . . . . . . . 2 . . 1 . . . . . . . . . . map_walls 1 | . . . . . . . . . 1 . . . . . . . . . . . . . . . . drop_inventory 1 | . . . . . . . . . . . . . . . 1 . . . . . . . . . . ignore_parts 2 | . . . . . . . . . . . 2 . . . . . . . . . . . . . . purge_threat 1 | . . . . . . . . . . . . . . . 1 . . . . . . . . . . spike_heat 1 | . . . . . . . 1 . . . . . . . . . . . . . . . . . . reboot_system 2 | . . . . . . . . . . . . . . . 1 1 . . . . . . . . . go_dormant 1 | . . . . . . . 1 . . . . . . . . . . . . . . . . . . streamctrl_high 3 | . . . . . . . 3 . . . . . . . . . . . . . . . . . . formatsys_low 5 | . . . . . . . . . . . . 4 . . 1 . . . . . . . . . . formatsys_high 3 | . . . . . . . 1 . . . 1 . . . 1 . . . . . . . . . . Relay Couplers Released 19 | . . . . . . . 16 . . . . . . . . . . . . . . . . . 3 Machine Destruction 19 | . . . . . . . 16 . . . . . . . . . . . . . . . . . 3 Attached 8 | . . . . . . . 5 . . . . 1 . . 2 . . . . . . . . . . Fabnet Peak Effective % . | . . . . . . . . . . . . . . . . . . . . . . . . . . Robots Rewired 13 | . . . . . . . . . . . . 13 . . . . . . . . . . . . . Allies Hacked 1 | . . . . . . . . . . . . 1 . . . . . . . . . . . . . Hacks Repelled . | . . . . . . . . . . . . . . . . . . . . . . . . . . Allies | -11 -10 -10 -10 -9 -8 -8 -8 -8 -6 -6 -6 -6 -6 -6 -6 -5 -5 -5 -5 -5 -5 -4 -4 -3 -3 -------- Run | Scr Mat Min Exi Min Mat Sto Gar Rec Fac Was Fac Ext Cet Arc Hub Fac Was Fac Upp Upp War Pro Fac Res Gar Total Allies 78 | . . . . . 1 2 4 . . 20 1 38 5 . 2 . 1 2 . . . . 1 1 . Largest Group 22 | . . . . . 1 3 2 . . 20 20 22 20 17 15 . 1 2 . . . . 1 1 . Highest-Rated Group 931 | . . . . . 10 72 30 . . 713 713 782 931 906 722 . 31 52 . . . . 26 45 . Highest-Rated Ally 159 | . . . . . 10 31 15 . . 50 50 159 159 159 96 . 31 26 . . . . 26 45 . Total Orders 19 | . . . . . . . 1 . . . . 15 . . . . . 1 . . . . 2 . . STAY 3 | . . . . . . . 1 . . . . . . . . . . 1 . . . . 1 . . FOLLOW 2 | . . . . . . . . . . . . 1 . . . . . . . . . . 1 . . AID 3 | . . . . . . . . . . . . 3 . . . . . . . . . . . . . TUNNEL 11 | . . . . . . . . . . . . 11 . . . . . . . . . . . . . Ally Attacks 568 | . . . . . . 28 30 . . . 89 166 82 26 133 . 14 . . . . . . . . Total Damage 14862 | . . . . . . 375 671 . . . 3489 3949 1684 472 3994 . 228 . . . . . . . . Kills 125 | . . . . . . 6 6 . . . 24 39 13 5 32 . . . . . . . . . . Allies Corrupted 1 | . . . . . . . . . . . . . . . 1 . . . . . . . . . . Allies Melted . | . . . . . . . . . . . . . . . . . . . . . . . . . . Intel | -11 -10 -10 -10 -9 -8 -8 -8 -8 -6 -6 -6 -6 -6 -6 -6 -5 -5 -5 -5 -5 -5 -4 -4 -3 -3 ------- Run | Scr Mat Min Exi Min Mat Sto Gar Rec Fac Was Fac Ext Cet Arc Hub Fac Was Fac Upp Upp War Pro Fac Res Gar Robot Analysis Total 1 | . 1 . . . . . . . . . . . . . . . . . . . . . . . . Derelict Logs Recovered 4 | . . 1 . 1 . . . . . . . . . . . . . . . . . 2 . . . Drone Launches . | . . . . . . . . . . . . . . . . . . . . . . . . . . Drone Recoveries . | . . . . . . . . . . . . . . . . . . . . . . . . . . Decoded 0b10 Intel 38 | . . . . . . . . . . . . . . . . . . . . . . . 38 . . Traps 8 | . . . . . . . . . . . . . . . . . . . . . . . 8 . . Emergency Access 2 | . . . . . . . . . . . . . . . . . . . . . . . 2 . . Items 20 | . . . . . . . . . . . . . . . . . . . . . . . 20 . . Machines 4 | . . . . . . . . . . . . . . . . . . . . . . . 4 . . Patrols 4 | . . . . . . . . . . . . . . . . . . . . . . . 4 . . Exploration | -11 -10 -10 -10 -9 -8 -8 -8 -8 -6 -6 -6 -6 -6 -6 -6 -5 -5 -5 -5 -5 -5 -4 -4 -3 -3 ------------- Run | Scr Mat Min Exi Min Mat Sto Gar Rec Fac Was Fac Ext Cet Arc Hub Fac Was Fac Upp Upp War Pro Fac Res Gar Turns Passed 18960 | 47 876 576 561 282 1371 424 2362 434 240 329 1254 2061 342 217 1607 1475 82 1768 233 282 56 161 1444 405 71 Spaces Moved 13364 | 39 780 464 483 244 813 283 1558 381 207 201 667 938 166 131 753 556 123 1586 434 589 135 360 730 699 44 Core 566 | 1 . . . . . . . . . . . . . . . 7 123 253 . . . 19 20 109 34 Treads 4034 | . . . . . . . . . . 177 667 938 166 131 753 99 . 609 . . . . 484 . 10 Legs 55 | . . . . . . . . . . . . . . . . . . . . . . . 55 . . Wheels 5696 | 38 780 464 483 244 813 283 1558 381 207 24 . . . . . 421 . . . . . . . . . Hover 32 | . . . . . . . . . . . . . . . . 29 . . . . . . 1 2 . Flight 2981 | . . . . . . . . . . . . . . . . . . 724 434 589 135 341 170 588 . Fastest Speed 27 | 50 90 100 115 115 100 115 108 108 108 108 160 160 160 160 160 50 50 27 27 27 27 28 34 32 50 Average Speed 111 | 88 93 109 115 115 114 115 119 108 108 153 160 160 160 160 169 225 53 86 27 27 27 30 133 37 79 Slowest Speed 410 | 90 105 115 115 115 130 115 130 110 108 160 160 240 160 160 410 410 250 240 27 27 28 104 270 100 180 Overloaded Moves . | . . . . . . . . . . . . . . . . . . . . . . . . . . Propulsion Burnouts . | . . . . . . . . . . . . . . . . . . . . . . . . . . Robots Hopped 18 | . . . . . . . . . . . . . . . . . . 10 . . . . 4 4 . Cave-ins Triggered 3 | . . . . . . . . . . . 1 1 . . . . . . . 1 . . . . . Exploration Rate (%) 55 | 3 92 99 70 45 54 43 87 99 5 94 20 63 71 89 78 13 94 47 65 79 16 58 16 23 15 Regions Visited 25 Branch Regions 13 Pre-discovered Areas 11 | . . 1 1 2 . . . 7 . . . . . . . . . . . . . . . . . Known Exits Taken 12 | . . . . . 1 1 . . . . 1 . 1 1 1 . . 1 1 1 1 1 . 1 . Unknown Exits Taken 8 | 1 1 1 1 1 . . . 1 . . . 1 . . . . . . . . . . 1 . . Scrap Searched 7 | . . 2 . 1 . . . . . . . . . . . . . . 1 2 . 1 . . . Spaces Dug 241 | . 9 . . . 8 2 70 . . . 122 . . . 9 2 . . . 4 5 2 2 6 . Terrain Destroyed 1349 | . 74 . . . 70 21 150 . . . 346 1 . . 482 56 . 50 . 10 5 6 72 6 . Melee 27 | . . . . . . 2 . . . . 1 . . . 9 2 . . . . 5 2 . 6 . Projectile 90 | . . . . . 35 . . . . . . . . . 3 5 . 7 . 10 . 4 26 . . AOE 1231 | . 74 . . . 35 19 150 . . . 345 . . . 470 49 . 43 . . . . 46 . . Terrain Rammed . | . . . . . . . . . . . . . . . . . . . . . . . . . . Walls Destroyed . | . . . . . . . . . . . . . . . . . . . . . . . . . . Machines Disabled . | . . . . . . . . . . . . . . . . . . . . . . . . . . Actions | -11 -10 -10 -10 -9 -8 -8 -8 -8 -6 -6 -6 -6 -6 -6 -6 -5 -5 -5 -5 -5 -5 -4 -4 -3 -3 --------- Run | Scr Mat Min Exi Min Mat Sto Gar Rec Fac Was Fac Ext Cet Arc Hub Fac Was Fac Upp Upp War Pro Fac Res Gar Total 16311 | 48 878 500 490 245 1104 349 1921 402 223 220 798 1407 245 141 953 715 140 1871 545 702 142 390 1013 800 69 Wait 1546 | . 31 11 . 1 145 23 174 10 1 5 69 347 62 9 85 72 5 115 107 98 . 3 130 43 . Move 13306 | 38 779 463 482 243 812 283 1557 380 207 200 666 936 165 130 752 556 122 1567 433 587 134 359 721 690 44 Hop 16 | . . . . . . . . . . . . . . . . . . 8 . . . . 4 4 . Pick Up 140 | 4 14 6 5 1 19 5 15 2 2 1 4 6 3 1 5 7 2 22 1 3 . . 11 1 . Fast Attach 141 | 5 6 . . . 12 1 7 4 1 5 4 5 4 . 4 7 6 29 1 1 . 1 26 12 . Attach 84 | 1 1 1 . . 5 1 3 . 4 . 4 5 . . 10 9 . 13 . 1 1 10 8 5 2 Detach 19 | . . . . . 1 . . . 1 . 2 . 1 . . 2 1 3 . 1 1 2 2 2 . Swap 96 | . 8 1 . . 7 8 14 1 1 1 2 16 2 . 15 8 . 10 . . 1 . 1 . . Drop 132 | . 10 1 3 . 24 5 13 4 . 6 4 1 8 1 5 6 4 24 1 1 . 2 6 3 . Fire 484 | . 29 17 . . 77 14 46 1 . . 19 42 . . 47 46 . 36 . 9 . 11 87 3 . Melee 182 | . . . . . . 9 51 . 2 2 23 24 . . 18 2 . 18 2 . 5 2 3 21 . Ram 3 | . . . . . 1 . . . . . . . . . . . . . . . . . 1 . 1 Kick . | . . . . . . . . . . . . . . . . . . . . . . . . . . Crush 39 | . . . . . . . . . . . 1 1 . . 10 . . . . . . . 13 . 14 Escape Stasis 79 | . . . . . . . 41 . . . . 3 . . . . . 26 . 1 . . . . 8 Rewire 22 | . . . . . . . . . . . . 20 . . 2 . . . . . . . . . . Trap 22 | . . . . . 1 . . . 4 . . 1 . . . . . . . . . . . 16 . Miscellaneous . | . . . . . . . . . . . . . . . . . . . . . . . . . . Route ------- -11/Scrapyard -10/Materials (discovered 5 exits: [*Mat x3] / [*Min x2]) -10/Mines (discovered 3 exits: [*Mat x2] / *Exi) -10/Exiles -9/Mines -8/Materials (discovered 4 exits: [*Fac x2] / *Sto x2) -8/Storage -8/Garrison (discovered 3 exits: *Rec x3) -8/Recycling -6/Factory -6/Waste -6/Factory (discovered 4 exits: *Low x2 / *Ext x2) -6/Extension (discovered 2 exits: *Fac / *Cet) -6/Cetus -6/Archives (discovered 3 exits: *Fac / *Hub x2) -6/Hub_04(d) (discovered 4 exits: *Fac x4) -5/Factory -5/Waste -5/Factory (discovered 4 exits: *Fac x2 / *Upp x2) -5/Upper Caves -5/Upper Caves -5/Warlord -4/Proximity Caves -4/Factory -3/Research -3/Garrison History --------- Turn | Location | Event 12 | -11/Scrapyard | Discovered new exit (range 16) 48 | -11/Scrapyard | Entered Materials 205 | -10/Materials | Discovered new exit (range 9) 223 | -10/Materials | Discovered new exit (range 15) 291 | -10/Materials | Discovered new exit (range 15) 326 | -10/Materials | Build established: Mutant 555 | -10/Materials | Discovered new exit (range 16) 831 | -10/Materials | Discovered new exit (range 10) 924 | -10/Materials | Entered Mines 1063 | -10/Mines | Discovered new exit (range 9) 1204 | -10/Mines | A weapon hastily lodged in a ceiling crevice suddenly fell to the ground 1215 | -10/Mines | Deemed a non-threat by the Exiles lab entrance 1215 | -10/Mines | Discovered new exit (range 5) 1317 | -10/Mines | Learned location of Storage (-8) 1325 | -10/Mines | Discovered new exit (range 8) 1347 | -10/Mines | Found a hidden stash of uninstalled traps 1500 | -10/Mines | Entered Exiles 1527 | -10/Exiles | Met 8R-AWN 1548 | -10/Exiles | Met EX-HEX 1591 | -10/Exiles | Met EX-DEC 1648 | -10/Exiles | Learned location of Zion (-7) 1672 | -10/Exiles | Met EX-BIN 1688 | -10/Exiles | Aligned with FarCom system 1689 | -10/Exiles | Given EX-Vault access code 1718 | -10/Exiles | Opened EX-Vault 1728 | -10/Exiles | Found PSU Rigger 1734 | -10/Exiles | Found Potential Leg 1736 | -10/Exiles | Found Potential Leg 1740 | -10/Exiles | Found 0b10 Alert Chip 1766 | -10/Exiles | Warned to stay clear of 0b10 Research branches 2047 | -10/Exiles | Discovered new exit (range 14) 2061 | -10/Exiles | Left Exiles lab with PSU Rigger 2061 | -10/Exiles | Entered Mines 2321 | -9/Mines | Discovered new exit (range 9) 2343 | -9/Mines | Entered Materials 2343 | -8/Materials | Evolved 4 slots: Propulsion x2, Utility x2 2813 | -8/Materials | Discovered new exit (range 7) 2937 | -8/Materials | Discovered new exit (range 4) 3159 | -8/Materials | Lost 3 parts (1p1u1w) 3484 | -8/Materials | Discovered new exit (range 12) 3506 | -8/Materials | Identified exit to Storage 3714 | -8/Materials | Entered Storage 3714 | -8/Storage | Accompanied by 1 ally 3758 | -8/Storage | Met a pair of Derelict thieves 3846 | -8/Storage | Destroyed 8 combat bots 4114 | -8/Storage | First assault squad dispatched 4138 | -8/Storage | Identified exit to Garrison 4138 | -8/Storage | Entered Garrison 4168 | -8/Garrison | Triggered checkpoint 4184 | -8/Garrison | Garrison Relay disabled 4241 | -8/Garrison | Triggered checkpoint 4249 | -8/Garrison | Triggered checkpoint 4300 | -8/Garrison | Triggered checkpoint 4529 | -8/Garrison | Discovered new exit (range 13) 4661 | -8/Garrison | Discovered new exit (range 10) 4735 | -8/Garrison | Spotted B-75 Beast 4871 | -8/Garrison | Triggered checkpoint 5211 | -8/Garrison | Discovered new exit (range 10) 5229 | -8/Garrison | Installed Relay Interface Framework 5338 | -8/Garrison | Triggered checkpoint 5410 | -8/Garrison | Garrison Relay disabled 5680 | -8/Garrison | Triggered checkpoint 5690 | -8/Garrison | Garrison Relay disabled 5840 | -8/Garrison | Triggered checkpoint 5870 | -8/Garrison | Garrison Relay disabled 6014 | -8/Garrison | Destroyed B-75 Beast 6033 | -8/Garrison | Lost 3 parts (1p1n1w) 6088 | -8/Garrison | Core integrity fell below 50% 6279 | -8/Garrison | System corruption reached 10% 6500 | -8/Garrison | Entered Recycling 6563 | -8/Recycling | Spotter reported a threat 6571 | -8/Recycling | Spotter reported a threat 6571 | -8/Recycling | Spotter reported a threat 6572 | -8/Recycling | Spotter reported a threat 6616 | -8/Recycling | Spotter reported a threat 6624 | -8/Recycling | Spotter reported a threat 6625 | -8/Recycling | Spotter reported a threat 6630 | -8/Recycling | Spotter reported a threat 6654 | -8/Recycling | Build established: Bothacker-Mutant 6657 | -8/Recycling | Spotter reported a threat 6666 | -8/Recycling | Spotter reported a threat 6669 | -8/Recycling | Spotter reported a threat 6678 | -8/Recycling | Spotter reported a threat 6682 | -8/Recycling | Spotter reported a threat 6694 | -8/Recycling | Spotter reported a threat 6722 | -8/Recycling | Spotter reported a threat 6731 | -8/Recycling | Spotter reported a threat 6733 | -8/Recycling | Spotter reported a threat 6738 | -8/Recycling | Spotter reported a threat 6747 | -8/Recycling | Spotter reported a threat 6763 | -8/Recycling | Spotter reported a threat 6764 | -8/Recycling | Spotter reported a threat 6799 | -8/Recycling | Spotter reported a threat 6800 | -8/Recycling | Spotter reported a threat 6803 | -8/Recycling | Spotter reported a threat 6803 | -8/Recycling | Spotter reported a threat 6812 | -8/Recycling | Spotter reported a threat 6816 | -8/Recycling | Spotter reported a threat 6828 | -8/Recycling | Spotter reported a threat 6853 | -8/Recycling | Spotter reported a threat 6874 | -8/Recycling | Spotter reported a threat 6881 | -8/Recycling | Spotter reported a threat 6927 | -8/Recycling | Discovered new exit (range 5) 6930 | -8/Recycling | Spotter reported a threat 6931 | -8/Recycling | Spotter reported a threat 6934 | -8/Recycling | Entered Factory 6934 | -6/Factory | Evolved 4 slots: Utility x4 7003 | -6/Factory | Found Prototype Launcher 7003 | -6/Factory | Identified Scatter Rocket Array 7005 | -6/Factory | Found Scatter Rocket Array 7007 | -6/Factory | Found Scatter Rocket Array 7174 | -6/Factory | Sucked down chute 7174 | -6/Factory | Entered Waste 7175 | -6/Waste | Joined by Warlord forces that had cleared the area 7250 | -6/Waste | Build established: Hacker-Mutant 7476 | -6/Waste | Discovered new exit (range 10) 7503 | -6/Waste | Entered Factory 7503 | -6/Factory | Accompanied by 20 allies 7651 | -6/Factory | Identified exit to Lower Caves 7651 | -6/Factory | Identified exit to Extension 8005 | -6/Factory | Crushed by falling debris 8140 | -6/Factory | Repaired Hvy. Treads 8170 | -6/Factory | Repaired Hvy. Treads 8359 | -6/Factory | Cargo convoy interrupted 8491 | -6/Factory | System corruption reached 10% 8553 | -6/Factory | First assault squad dispatched 8757 | -6/Factory | Entered Extension 8957 | -6/Extension | Disrupted transfer network 9013 | -6/Extension | Rescued a captive Derelict 9062 | -6/Extension | Rescued a captive Derelict 9064 | -6/Extension | Rescued a captive Derelict 9144 | -6/Extension | Rescued a captive Derelict 9489 | -6/Extension | Rescued A7 9630 | -6/Extension | Rescued a captive Derelict 9630 | -6/Extension | Rescued a captive Derelict 9748 | -6/Extension | Build established: Commander-Mutant 10150 | -6/Extension | Crushed by falling debris 10356 | -6/Extension | Rescued a captive Derelict 10401 | -6/Extension | Rescued a captive Derelict 10422 | -6/Extension | Rescued a captive Derelict 10422 | -6/Extension | Rescued a captive Derelict 10507 | -6/Extension | First assault squad dispatched 10523 | -6/Extension | Build established: Scavenger-Mutant 10525 | -6/Extension | Rescued a captive Derelict 10526 | -6/Extension | Rescued a captive Derelict 10533 | -6/Extension | Rescued a captive Derelict 10534 | -6/Extension | Rescued a captive Derelict 10571 | -6/Extension | Rescued a captive Derelict 10594 | -6/Extension | Destroyed 7 combat bots 10608 | -6/Extension | Rescued a captive Derelict 10609 | -6/Extension | Rescued a captive Derelict 10637 | -6/Extension | Rescued a captive Derelict 10639 | -6/Extension | Rescued a captive Derelict 10655 | -6/Extension | Rescued a captive Derelict 10685 | -6/Extension | Discovered new exit (range 10) 10686 | -6/Extension | Discovered new exit (range 6) 10818 | -6/Extension | Entered Cetus 10818 | -6/Cetus | Accompanied by 20 allies (A7) 10823 | -6/Cetus | Acquired a Cetus Manufacturing Module code from A7 10838 | -6/Cetus | Spotted Cetus Guard 10838 | -6/Cetus | Spotted Cetus Guard 10839 | -6/Cetus | Spotted Cetus Guard 10839 | -6/Cetus | Spotted Cetus Guard 10853 | -6/Cetus | Allies destroyed Cetus Guard 10854 | -6/Cetus | Allies destroyed Cetus Guard 10856 | -6/Cetus | Allies destroyed Cetus Guard 10857 | -6/Cetus | Allies destroyed Cetus Guard 10996 | -6/Cetus | Started Cetus Manufacturing Module 11007 | -6/Cetus | Escorted A7 to Cetus Mainframe 11021 | -6/Cetus | Manufactured an Enhanced Grunt 11031 | -6/Cetus | Discovered new exit (range 16) 11046 | -6/Cetus | Manufactured an Enhanced Grunt 11054 | -6/Cetus | Identified exit to Archives 11071 | -6/Cetus | Manufactured an Enhanced Grunt 11096 | -6/Cetus | Manufactured an Enhanced Grunt 11121 | -6/Cetus | Manufactured an Enhanced Grunt 11160 | -6/Cetus | Entered Archives 11160 | -6/Archives | Accompanied by 18 allies (A7) 11165 | -6/Archives | Received a hacking code to weaken MAIN.C 11192 | -6/Archives | Unable to access archive contents 11198 | -6/Archives | Discovered new exit (range 15) 11211 | -6/Archives | Unable to access archive contents 11217 | -6/Archives | Discovered new exit (range 15) 11230 | -6/Archives | Unable to access archive contents 11233 | -6/Archives | Discovered new exit (range 15) 11267 | -6/Archives | Identified exit to Factory 11327 | -6/Archives | Identified exit to Hub_04(d) 11377 | -6/Archives | Entered Hub_04(d) 11377 | -6/Hub_04(d) | Accompanied by 15 allies 11665 | -6/Hub_04(d) | Discovered exit to Factory (range 16) 12010 | -6/Hub_04(d) | Discovered exit to Factory (range 16) 12158 | -6/Hub_04(d) | Discovered exit to Factory (range 10) 12288 | -6/Hub_04(d) | Discovered exit to Factory (range 18) 12427 | -6/Hub_04(d) | First assault squad dispatched 12703 | -6/Hub_04(d) | Network Hub disabled 12821 | -6/Hub_04(d) | Lost 6 parts (3n2u1w) 12953 | -6/Hub_04(d) | Spotted Lightning 12957 | -6/Hub_04(d) | Spotted Lightning 12957 | -6/Hub_04(d) | Spotted Lightning 12961 | -6/Hub_04(d) | Network Hub disabled 12962 | -6/Hub_04(d) | Core integrity fell below 50% 12980 | -6/Hub_04(d) | System corruption reached 30% 12984 | -6/Hub_04(d) | Entered Factory 12984 | -5/Factory | Evolved 2 slots: Propulsion x1, Utility x1 13000 | -5/Factory | Lost 8 parts (1p2n3u2w) 13483 | -5/Factory | Spotted B-75 Beast 13968 | -5/Factory | Lost 3 parts (2n1u) 14097 | -5/Factory | Found Imp. Powered Armor 14403 | -5/Factory | Cargo convoy interrupted 14459 | -5/Factory | Manually triggered Chute Trap 14459 | -5/Factory | Sucked down chute 14459 | -5/Factory | Entered Waste 14460 | -5/Waste | Met a frightened Derelict 14474 | -5/Waste | Spotted C-40 Crusher 14489 | -5/Waste | Lost 8 parts (3n3u2w) 14493 | -5/Waste | Spotted C-40 Crusher 14493 | -5/Waste | Spotted C-40 Crusher 14506 | -5/Waste | Spotted C-40 Crusher 14506 | -5/Waste | Spotted C-40 Crusher 14515 | -5/Waste | Spotted C-40 Crusher 14525 | -5/Waste | Discovered new exit (range 13) 14538 | -5/Waste | Identified exit to Factory 14541 | -5/Waste | Entered Factory 14656 | -5/Factory | Discovered new exit (range 5) 14660 | -5/Factory | Identified exit to Upper Caves 14706 | -5/Factory | Build established: Mutant 15025 | -5/Factory | Build established: Sprinter 15068 | -5/Factory | System corruption reached 10% 15141 | -5/Factory | Search patrols dispatched 15310 | -5/Factory | Discovered new exit (range 12) 15341 | -5/Factory | Identified exit to Factory 15377 | -5/Factory | Build established: Mutant 15971 | -5/Factory | Build established: Hacker-Skirmisher 16039 | -5/Factory | Discovered exit to Factory (range 12) 16125 | -5/Factory | Discovered exit to Upper Caves (range 10) 16225 | -5/Factory | Core integrity fell below 50% 16309 | -5/Factory | Entered Upper Caves 16505 | -5/Upper Caves | Discovered new exit (range 12) 16537 | -5/Upper Caves | Identified exit to Upper Caves 16542 | -5/Upper Caves | Entered another Upper Caves area 16579 | -5/Upper Caves | Build established: Hacker-Sprinter 16649 | -5/Upper Caves | Encountered a Warlord checkpoint 16707 | -5/Upper Caves | Spotted B-75 Beast 16795 | -5/Upper Caves | Crushed by falling debris 16800 | -5/Upper Caves | Discovered new exit (range 13) 16803 | -5/Upper Caves | Identified exit to Warlord 16824 | -5/Upper Caves | Entered Warlord 16826 | -5/Warlord | Lost 4 parts (1n3u) 16844 | -5/Warlord | RIF detected upon attempting to enter Warlord's base 16844 | -5/Warlord | Attacked by Warlord forces 16868 | -5/Warlord | Discovered new exit (range 8) 16879 | -5/Warlord | Identified exit to Proximity Caves 16880 | -5/Warlord | Entered Proximity Caves 16914 | -4/Proximity Caves | Learned Research stockpile data 16916 | -4/Proximity Caves | Learned 4 Research zone layouts 16950 | -4/Proximity Caves | Spotted B-86 Titan 17018 | -4/Proximity Caves | Core integrity fell below 20% 17036 | -4/Proximity Caves | Discovered exit to Factory (range 5) 17041 | -4/Proximity Caves | Entered Factory 17041 | -4/Factory | Evolved 2 slots: Power x1, Propulsion x1 17060 | -4/Factory | Lost 14 parts (2p5n3u4w) 17782 | -4/Factory | Garrison activated, responded to threat 17899 | -4/Factory | Build established: Scavenger-Mutant 18294 | -4/Factory | Repaired Imp. Heavy Treads 18312 | -4/Factory | Repaired Imp. Treads 18323 | -4/Factory | First assault squad dispatched 18371 | -4/Factory | System corruption reached 10% 18404 | -4/Factory | Core integrity fell below 50% 18421 | -4/Factory | Discovered new exit (range 8) 18440 | -4/Factory | Lost 14 parts (2p3n6u3w) 18470 | -4/Factory | Core integrity fell below 20% 18483 | -4/Factory | Released all parts (3) 18485 | -4/Factory | Entered Research 18485 | -3/Research | Evolved 2 slots: Utility x2 18773 | -3/Research | Search patrols dispatched 18882 | -3/Research | Identified exit to Garrison 18888 | -3/Research | System corruption reached 10% 18889 | -3/Research | Core integrity fell below 50% 18890 | -3/Research | Entered Garrison 18896 | -3/Garrison | Triggered checkpoint 18918 | -3/Garrison | Lost 7 parts (2n3u2w) 18924 | -3/Garrison | Triggered checkpoint 18932 | -3/Garrison | Garrison Relay disabled 18948 | -3/Garrison | Core integrity fell below 20% 18961 | -3/Garrison | Destroyed by X-77 Beamer with Gatling Laser Last Messages --------------- 18932_ Relay Coupler [ARC] tumbles out of relay unit. 18932_ Relay Coupler [NC] tumbles out of relay unit. 18933_ Slammed into X-77 Beamer. 18943_ System corrupted: Matter fused (-5). 18943_ Slammed into X-77 Beamer. 18949_ Crushed X-77 Beamer. 18949_ X-77 Beamer destroyed. 18950_ Acquired 52 matter. 18950_ Imp. Heavy Siege Treads destroyed. 18951_ Slammed into X-77 Beamer. 18955_ Triggered Stasis Trap. 18955_ A bubble of rippling energy engulfs the area. 18955_ Field strength at 94. 18956_ Field strength at 88. 18957_ Field strength at 69. 18958_ Field strength at 43. 18959_ Field strength at 37. 18959_ Slug penetrates Wall. 18960_ Field strength at 23. 18961_ Field strength at 17. Map ----- +----------------------------------------------------+ | ??????????????????????????#######????????????????? | | ??????????????????????????# #????????????????? | | ??????????????????????????# #????????????????? | | ??????????????????????????# #????????????????? | | ??????????????????????????### #????????????????? | | ????????????????????????????# #????????????????? | | ????????????????????????????# #????????????????? | | ????????????????????????????# #????????????????? | | ????????????????????????????# #????????????????? | | ????????????????????????????# #????????????????? | | ????????????????????????????# #????????????????? | | ????????????????????????????# #????????????????? | | ????????????????????????????# ###??????????????? | | ????????????????????????????# #??????????????? | | ????????????????????????????# #??????????????? | | ????????????????????????????# #??????????????? | | ????????????????????????????# ###??????????????? | | ????????????????????????????# #????????????????? | | ????????????????????????????# #????????????????? | | ????????????????????????????# #????????????????? | | ????????????????????????????# #????????????????? | | ????????????????????????????# #????????????????? | | ????????????????????????????# #????????????????? | | ???????##!!################## #????????????????? | | ???????#! x ^ #????????????????? | | ???????#! ## Y @ #????????????????? | | ????????????###### ######### #????????????????? | | ???????????????###% ###?????# #????????????????? | | ???????????????# #"#?????# #????????????????? | | ???????????????# %!! #?????# #????????????????? | | ???????????????# !"#?????# #????????????????? | | ???????????????# "#?????# #????????????????? | | ???????????????# #"#?????? #????????????????? | | ???????????????### ###?????? ????????????????? | | ?????????????????####???????? ????????????????? | | ????????????????????????????? ???????????????? | | ?????????????????????????????#####???????????????? | | ?????????????????????????????????????????????????? | | ?????????????????????????????????????????????????? | | ?????????????????????????????????????????????????? | | ?????????????????????????????????????????????????? | | ?????????????????????????????????????????????????? | | ?????????????????????????????????????????????????? | | ?????????????????????????????????????????????????? | | ?????????????????????????????????????????????????? | | ?????????????????????????????????????????????????? | | ?????????????????????????????????????????????????? | | ?????????????????????????????????????????????????? | | ?????????????????????????????????????????????????? | | ?????????????????????????????????????????????????? | +----------------------------------------------------+ Best States ------------- Heat Dissipation 62 Coolant Potential 100 Energy Generation 34 Energy Capacity 510 Matter Stores 300 Matter Capacity 800 Sight Range 20 Terrain Scan Range 20 Terrain Scan Density 210 ECM Strength 1 Additional Mass Support 12 Armor Coverage 1000 Propulsion Shielding 33 Point Defense Rating 80 Evasion (%) 64 Targeting Accuracy 12 Melee Accuracy 6 Target Analysis 6 Core Analysis 6 Recoil Reduction 5 Offensive Hacking 40 Defensive Hacking 24 Relay Coupler Types 1 Relay Coupler Value 29 Authchip Count 2 Trap Extractor Capacity 8 Item Schematics ----------------- Hacking Suite | -8/Materials | Hacked Hvy. Plasma Cannon | -8/Storage | Hacked EM Disruption Field | -8/Recycling | Hacked Adv. System Shield | -5/Factory | Scanalyzed Adv. Trap Extractor | -5/Factory | Scanalyzed Impulse Thruster Array | -5/Factory | Hacked Imp. Remote Datajack | -4/Factory | Scanalyzed Imp. Datajack | -4/Factory | Scanalyzed Imp. Heavy Siege Treads | -4/Factory | Hacked Robot Schematics ------------------ O-24 Administrator | -8/Recycling | Hacked T-07 Excavator | -6/Hub_04(d) | Hacked Fabricated ------------ Nothing Alien Tech Used ----------------- None Achievements -------------- None Challenges ------------ None Game ------ Seed SuspensionGaussLance Manual? 0 Play Time 03:48:28 Cumulative 233.8 hours Start 2022.10.09 @ 14:47:30 End 2022.10.09 @ 18:45:09 Sessions 1 Manual Loads 0 Difficulty Rogue Special Mode None Game No. 166 Rogue 163 Adventurer 3 Explorer 0 Win Type - Total 3 Types 2/0/1/0/0/0/0/0/0 Lore% 68 Gallery% 71 Achievement% 60 Wizard Run 0 Options --------- ASCII 0 Keyboard 0 Movement Numpad Keybinds 0 Fullscreen 1 Font 18/SmallcapsGlow Map View 76x50 Tactical HUD 1 Map Filters NONE Filters NONE Steam 1 RUN: 4f49d867-2976-43e4-a046-fde301e2c1b2